TOP OF THE 1ST |
Cincinnati Pride batting - Pitching for Barry's Bay Orioles : RHP Kelly Woodside
|
Pitching: RHP Kelly Woodside
|
|
Batting: LHB Rubén Eirado
|
0-0: Foul Ball, location: 2F 0-1: Fly out, F3 (Line Drive, 4)
|
Batting: SHB Jorge Maldonado
|
0-0: Ball 1-0: Ground out 6-3 (Groundball, 6)
|
Batting: LHB Pablo Garza
|
Error on foul ball, E2 0-1: Swinging Strike 0-2: Foul Ball, location: 2F 0-2: Ball 1-2: Strikes out looking
|
Top of the 1st over - 0 runs, 0 hits, 1 error, 0 left on base; Cincinnati 0 - Barry's Bay 0 |
BOTTOM OF THE 1ST |
Barry's Bay Orioles batting - Pitching for Cincinnati Pride : RHP Carl Mason
|
Pitching: RHP Carl Mason
|
|
Batting: LHB Jerry Koch
|
0-0: Reached on error, E5 (Groundball, 56)
|
Batting: RHB Sam Lynch
|
0-0: DOUBLE (Line Drive, 7LS) Jerry Koch scores
|
Batting: LHB T.J. Richardson
|
0-0: Ground out 6-3 (Groundball, 6)
|
Batting: RHB José Juárez
|
0-0: Ball 1-0: Called Strike 1-1: Called Strike 1-2: Strikes out swinging
|
Batting: LHB Chris López
|
0-0: Ball 1-0: Called Strike 1-1: Swinging Strike 1-2: SINGLE (Line Drive, 6MD) Sam Lynch to third Runner from 3rd tries for Home, SAFE, no throw
|
Batting: SHB Dan Morse
|
0-0: Ball 1-0: Called Strike 1-1: SINGLE (Groundball, 5S) (infield hit) Chris López to second
|
Batting: RHB Joel García
|
0-0: Ball Wild Pitch! Chris López to third Dan Morse to second 1-0: Ball 2-0: Called Strike 2-1: Foul Ball, location: 2F 2-2: Fly out, F7 (Flyball, 78D)
|
Bottom of the 1st over - 2 runs, 3 hits, 1 error, 2 left on base; Cincinnati 0 - Barry's Bay 2 |
TOP OF THE 2ND |
Cincinnati Pride batting - Pitching for Barry's Bay Orioles : RHP Kelly Woodside
|
Batting: LHB Terry Barton
|
0-0: Ball 1-0: Swinging Strike 1-1: Ball 2-1: SINGLE (Flyball, 7S)
|
Batting: SHB Pete Jones
|
0-0: Ball 1-0: Ball 2-0: TRIPLE (Flyball, 89XD) Terry Barton scores
|
Batting: LHB Kevin Hatcher
|
0-0: Called Strike 0-1: Ball 1-1: Ball 2-1: Ball 3-1: Base on Balls
|
Batting: RHB Noah Sturges
|
0-0: Called Strike 0-1: Called Strike 0-2: Ball 1-2: Foul Ball, location: 2F 1-2: Ball 2-2: Strikes out swinging
|
Batting: SHB Paco Estrada
|
0-0: Called Strike 0-1: Ball 1-1: Foul Ball, location: 2F 1-2: SINGLE (Groundball, 56D) Pete Jones scores Kevin Hatcher to second
|
Batting: RHB Travis Jackson
|
0-0: Swinging Strike 0-1: Called Strike 0-2: Strikes out swinging
|
Batting: LHB Rubén Eirado
|
0-0: Ball 1-0: SINGLE (Line Drive, 9S) Kevin Hatcher to third Paco Estrada to second
|
Batting: SHB Jorge Maldonado
|
0-0: Called Strike 0-1: Ball 1-1: Ball 2-1: Swinging Strike 2-2: Foul Ball, location: 2F 2-2: Ball 3-2: Fly out, F8 (Flyball, 8LM)
|
Top of the 2nd over - 2 runs, 4 hits, 0 errors, 3 left on base; Cincinnati 2 - Barry's Bay 2 |
BOTTOM OF THE 2ND |
Barry's Bay Orioles batting - Pitching for Cincinnati Pride : RHP Carl Mason
|
Batting: RHB Ralph Summers
|
0-0: Ball 1-0: Called Strike 1-1: Foul Ball, location: 2F 1-2: Strikes out swinging
|
Batting: RHB Edgardo Hernández
|
0-0: Called Strike 0-1: Swinging Strike 0-2: Strikes out looking
|
Batting: LHB Jerry Koch
|
0-0: Fly out, F8 (Flyball, 8RD)
|
Bottom of the 2nd over - 0 runs, 0 hits, 0 errors, 0 left on base; Cincinnati 2 - Barry's Bay 2 |
TOP OF THE 3RD |
Cincinnati Pride batting - Pitching for Barry's Bay Orioles : RHP Kelly Woodside
|
Batting: LHB Pablo Garza
|
0-0: Ball 1-0: Ball 2-0: Foul Ball, location: 2F 2-1: Ball 3-1: Base on Balls
|
Batting: LHB Terry Barton
|
0-0: Ball 1-0: Called Strike Pablo Garza steals 2nd base 1-1: Swinging Strike 1-2: Foul Ball, location: 2F 1-2: Foul Ball, location: 2F 1-2: Strikes out looking
|
Batting: SHB Pete Jones
|
0-0: Ball 1-0: Ball 2-0: Foul Ball, location: 2F 2-1: Ball 3-1: Foul Ball, location: 2F 3-2: Base on Balls
|
Batting: LHB Kevin Hatcher
|
0-0: Called Strike 0-1: Ball 1-1: Swinging Strike 1-2: Foul Ball, location: 2F 1-2: Ball 2-2: Ball 3-2: Base on Balls Pablo Garza to third Pete Jones to second
|
Batting: RHB Noah Sturges
|
0-0: Called Strike 0-1: Called Strike 0-2: Foul Ball, location: 2F 0-2: Ball 1-2: Ball 2-2: Strikes out swinging
|
Batting: SHB Paco Estrada
|
0-0: Called Strike 0-1: Fly out, F7 (Flyball, 7S)
|
Top of the 3rd over - 0 runs, 0 hits, 0 errors, 3 left on base; Cincinnati 2 - Barry's Bay 2 |
BOTTOM OF THE 3RD |
Barry's Bay Orioles batting - Pitching for Cincinnati Pride : RHP Carl Mason
|
Batting: RHB Sam Lynch
|
0-0: Ball 1-0: Ball 2-0: Ball 3-0: Base on Balls
|
Batting: LHB T.J. Richardson
|
0-0: Called Strike 0-1: Ball 1-1: Called Strike 1-2: Strikes out swinging
|
Batting: RHB José Juárez
|
0-0: Ball 1-0: Called Strike 1-1: Ball 2-1: Ball 3-1: Fly out, F1 (Line Drive, 15)
|
Batting: LHB Chris López
|
0-0: Ball 1-0: Ball 2-0: Called Strike 2-1: SINGLE (Groundball, 4D) Sam Lynch to second Runner from 2nd tries for 3rd, SAFE, no throw
|
Batting: SHB Dan Morse
|
0-0: Swinging Strike 0-1: Called Strike 0-2: Ball 1-2: Fly out, F5 (Popup, 25F)
|
Bottom of the 3rd over - 0 runs, 1 hit, 0 errors, 2 left on base; Cincinnati 2 - Barry's Bay 2 |
TOP OF THE 4TH |
Cincinnati Pride batting - Pitching for Barry's Bay Orioles : RHP Kelly Woodside
|
Batting: RHB Travis Jackson
|
0-0: SINGLE (Line Drive, 4)
|
Batting: LHB Rubén Eirado
|
0-0: Ground out U3 (Groundball, 23) Travis Jackson to second
|
Batting: SHB Jorge Maldonado
|
0-0: Called Strike 0-1: Ball 1-1: Ball 2-1: Called Strike 2-2: Foul Ball, location: 2F 2-2: Fly out, F5 (Popup, 5SF)
|
Batting: LHB Pablo Garza
|
0-0: Ball 1-0: Ball 2-0: Called Strike 2-1: Ball 3-1: Swinging Strike 3-2: Fly out, F4 (Line Drive, 4)
|
Top of the 4th over - 0 runs, 1 hit, 0 errors, 1 left on base; Cincinnati 2 - Barry's Bay 2 |
BOTTOM OF THE 4TH |
Barry's Bay Orioles batting - Pitching for Cincinnati Pride : RHP Carl Mason
|
Batting: RHB Joel García
|
0-0: Foul Ball, location: 2F 0-1: Foul Ball, location: 2F 0-2: Strikes out looking
|
Batting: RHB Ralph Summers
|
0-0: Called Strike 0-1: Ball 1-1: Ball 2-1: Ball 3-1: Base on Balls
|
Batting: RHB Edgardo Hernández
|
0-0: Called Strike 0-1: Swinging Strike 0-2: Ball 1-2: Ball Ralph Summers is caught stealing 2nd base 2-2: Ball 3-2: Fly out, F7 (Flyball, 7S)
|
Bottom of the 4th over - 0 runs, 0 hits, 0 errors, 0 left on base; Cincinnati 2 - Barry's Bay 2 |
TOP OF THE 5TH |
Cincinnati Pride batting - Pitching for Barry's Bay Orioles : RHP Kelly Woodside
|
Batting: LHB Terry Barton
|
0-0: Ground out 4-3 (Groundball, 4)
|
Batting: SHB Pete Jones
|
0-0: Ball 1-0: Ball 2-0: Foul Ball, location: 2F 2-1: Foul Ball, location: 2F 2-2: Foul Ball, location: 2F 2-2: SINGLE (Line Drive, 4D)
|
Pitching: RHP António Sánchez
|
|
Batting: LHB Kevin Hatcher
|
0-0: Ball 1-0: Ball 2-0: Ball 3-0: Base on Balls Pete Jones to second
|
Batting: RHB Noah Sturges
|
0-0: Ball 1-0: Ball 2-0: Ball 3-0: Base on Balls Pete Jones to third Kevin Hatcher to second
|
Batting: SHB Paco Estrada
|
0-0: Called Strike 0-1: Called Strike 0-2: Strikes out swinging
|
Batting: RHB Travis Jackson
|
0-0: Called Strike 0-1: Ball 1-1: Foul Ball, location: 2F 1-2: Strikes out swinging
|
Top of the 5th over - 0 runs, 1 hit, 0 errors, 3 left on base; Cincinnati 2 - Barry's Bay 2 |
BOTTOM OF THE 5TH |
Barry's Bay Orioles batting - Pitching for Cincinnati Pride : RHP Carl Mason
|
Batting: LHB Jerry Koch
|
0-0: Ball 1-0: Ball 2-0: Ball 3-0: Base on Balls
|
Batting: RHB Sam Lynch
|
Pickoff Throw to First - Error! E1 Jerry Koch to second 0-0: Ball 1-0: Ball 2-0: Swinging Strike 2-1: Fly out, F9 (Flyball, 9S)
|
Batting: LHB T.J. Richardson
|
0-0: Intentional Walk
|
Batting: RHB José Juárez
|
0-0: Ball 1-0: Foul Ball, location: 2F 1-1: Swinging Strike 1-2: Foul Ball, location: 2F 1-2: Ball 2-2: Grounds into double play, 6-4-3 (Groundball, 6)
|
Bottom of the 5th over - 0 runs, 0 hits, 1 error, 1 left on base; Cincinnati 2 - Barry's Bay 2 |
TOP OF THE 6TH |
Cincinnati Pride batting - Pitching for Barry's Bay Orioles : RHP António Sánchez
|
Batting: LHB Rubén Eirado
|
0-0: SINGLE (Line Drive, 4M)
|
Batting: SHB Jorge Maldonado
|
0-0: Ball 1-0: Fly out, F7 (Line Drive, 7D)
|
Batting: LHB Pablo Garza
|
0-0: Fielders Choice at 2nd, 1-6 (Groundball, P)
|
Batting: LHB Terry Barton
|
0-0: Ball 1-0: Swinging Strike 1-1: Swinging Strike 1-2: Strikes out swinging
|
Top of the 6th over - 0 runs, 1 hit, 0 errors, 1 left on base; Cincinnati 2 - Barry's Bay 2 |
BOTTOM OF THE 6TH |
Barry's Bay Orioles batting - Pitching for Cincinnati Pride : RHP Carl Mason
|
Batting: LHB Chris López
|
0-0: Foul Ball, location: 2F 0-1: Ball 1-1: Ground out 1-3 (Groundball, 13)
|
Batting: SHB Dan Morse
|
0-0: Ball 1-0: Ground out U3 (Groundball, 34)
|
Batting: RHB Joel García
|
0-0: Ball 1-0: Ground out 2-3 (Groundball, 2R)
|
Bottom of the 6th over - 0 runs, 0 hits, 0 errors, 0 left on base; Cincinnati 2 - Barry's Bay 2 |
TOP OF THE 7TH |
Cincinnati Pride batting - Pitching for Barry's Bay Orioles : RHP António Sánchez
|
Batting: SHB Pete Jones
|
0-0: Called Strike 0-1: Ball 1-1: Foul Ball, location: 2F 1-2: Ball 2-2: Foul Ball, location: 2F 2-2: DOUBLE (Line Drive, 9LM)
|
Batting: LHB Kevin Hatcher
|
0-0: Intentional Walk
|
Pinch Hitting: LHB Paul Holcomb
|
0-0: Called Strike 0-1: Grounds into double play, 4-6-3 (Groundball, 4) Pete Jones to third
|
Pinch Hitting: RHB Orlando González
|
0-0: Ball 1-0: Foul Ball, location: 2F 1-1: Fly out, F6 (Popup, P)
|
Top of the 7th over - 0 runs, 1 hit, 0 errors, 1 left on base; Cincinnati 2 - Barry's Bay 2 |
BOTTOM OF THE 7TH |
Barry's Bay Orioles batting - Pitching for Cincinnati Pride : RHP Carl Mason
|
Now at SS: Aaron Adams
|
|
Now in LF: Paul Holcomb
|
|
Batting: RHB Ralph Summers
|
0-0: Ground out 4-3 (Groundball, 4)
|
Batting: RHB Edgardo Hernández
|
0-0: Swinging Strike 0-1: Ball 1-1: Ball 2-1: SINGLE (Groundball, 6MD)
|
Batting: LHB Jerry Koch
|
0-0: Ball 1-0: Ball 2-0: Foul Ball, location: 2F 2-1: Called Strike 2-2: Strikes out looking
|
Batting: RHB Sam Lynch
|
0-0: Called Strike 0-1: Called Strike 0-2: Ball 1-2: Ball 2-2: Foul Ball, location: 2F 2-2: SINGLE (Groundball, 56S) (infield hit) Edgardo Hernández to second
|
Batting: LHB T.J. Richardson
|
0-0: Swinging Strike 0-1: Called Strike 0-2: Foul Ball, location: 2F 0-2: Ball 1-2: Fly out, F7 (Flyball, 78S)
|
Bottom of the 7th over - 0 runs, 2 hits, 0 errors, 2 left on base; Cincinnati 2 - Barry's Bay 2 |
TOP OF THE 8TH |
Cincinnati Pride batting - Pitching for Barry's Bay Orioles : RHP António Sánchez
|
Pinch Hitting: RHB Steve Meyers
|
0-0: Ball 1-0: Ground out 5-3 (Groundball, 5)
|
Batting: LHB Rubén Eirado
|
0-0: Reached via error on a dropped throw, E3
|
Batting: SHB Jorge Maldonado
|
0-0: Ball 1-0: Called Strike 1-1: Grounds into double play, 4-6-3 (Groundball, 4)
|
Top of the 8th over - 0 runs, 0 hits, 1 error, 0 left on base; Cincinnati 2 - Barry's Bay 2 |
BOTTOM OF THE 8TH |
Barry's Bay Orioles batting - Pitching for Cincinnati Pride : RHP Carl Mason
|
Pitching: RHP Armando Rocha
|
|
Now in CF: Raúl Gómez
|
|
Batting: RHB José Juárez
|
0-0: Swinging Strike 0-1: Called Strike 0-2: Strikes out swinging
|
Batting: LHB Chris López
|
0-0: Called Strike 0-1: SINGLE (Groundball, 6D)
|
Pinch Runner at 1st Enrico Velásquez:
|
|
Pinch Hitting: RHB Edgar Juárez
|
0-0: Ball Enrico Velásquez steals 2nd base 1-0: Ball 2-0: Foul Ball, location: 2F 2-1: Foul Ball, location: 2F 2-2: Foul Ball, location: 2F 2-2: Foul Ball, location: 2F 2-2: SINGLE (Groundball, 56D) Enrico Velásquez to third Runner from 3rd tries for Home, SAFE, no throw
|
Batting: RHB Joel García
|
0-0: Ball 1-0: Foul Ball, location: 2F 1-1: DOUBLE (Line Drive, 7LS) Edgar Juárez to third Runner from 3rd tries for Home, SAFE, no throw
|
Batting: RHB Ralph Summers
|
0-0: Called Strike 0-1: Ball 1-1: Called Strike 1-2: Foul Ball, location: 2F 1-2: Fly out, F5 (Line Drive, 56)
|
Batting: RHB Edgardo Hernández
|
0-0: Ball 1-0: Ball 2-0: Called Strike 2-1: DOUBLE (Line Drive, 7LD) Joel García scores
|
Pitching: RHP Manuel Garza
|
|
Batting: LHB Jerry Koch
|
0-0: Ball 1-0: SINGLE (Line Drive, 6M) Edgardo Hernández to third Runner from 3rd tries for Home, SAFE, throw made home
|
Batting: RHB Sam Lynch
|
0-0: Called Strike 0-1: Ball 1-1: Fly out, F7 (Line Drive, 7)
|
Bottom of the 8th over - 4 runs, 5 hits, 0 errors, 1 left on base; Cincinnati 2 - Barry's Bay 6 |
TOP OF THE 9TH |
Cincinnati Pride batting - Pitching for Barry's Bay Orioles : RHP António Sánchez
|
Now in LF: Enrico Velásquez
|
|
Batting: LHB Pablo Garza
|
0-0: DOUBLE (Line Drive, 9D)
|
Pitching: RHP Gianfranco Confalonieri
|
|
Now in LF: Edgar Juárez
|
|
Batting: LHB Terry Barton
|
0-0: Ball 1-0: Ball 2-0: Called Strike 2-1: Foul Ball, location: 2F 2-2: Strikes out swinging
|
Batting: SHB Pete Jones
|
0-0: Called Strike 0-1: Fly out, F9 (Flyball, 9LSF)
|
Batting: LHB Kevin Hatcher
|
0-0: Ball 1-0: Foul Ball, location: 2F 1-1: SINGLE (Flyball, 78M) Pablo Garza to third
|
Pitching: RHP De-wei Hung
|
|
Batting: LHB Paul Holcomb
|
0-0: Swinging Strike 0-1: Ball 1-1: Ball 2-1: Ball 3-1: Base on Balls Kevin Hatcher to second
|
Pinch Hitting: RHB José Hernández
|
0-0: Swinging Strike 0-1: Swinging Strike 0-2: Foul Ball, location: 2F 0-2: Ball 1-2: Ball 2-2: Ball 3-2: Strikes out swinging
|
Top of the 9th over - 0 runs, 2 hits, 0 errors, 3 left on base; Cincinnati 2 - Barry's Bay 6 |
|